Map: Winter Madness LE

Players

Kii

  • Race: Zerg Zerg
  • Spawn Location: 5:00

HoldTheDoor - Winner!

  • Race: Protoss Protoss
  • League: Diamond
  • Spawn Location: 11:00

VOD

Have the link to the VOD?

Description

Time

  • Played on: May 20, 2026, 12:01 p.m.
  • Length: 8:27
Show
View Real Time Build Order
Export as new Build Order

Kii Zerg 

Build Orders: Pool First 

Get SALT Encoding   

  12  0:01  Drone  
  13  0:08  Drone  
  14  0:18  Extractor  
  14  0:19  Drone  
  14  0:20  Extractor  
  14  0:21  Drone  
  16  0:36  Spawning Pool  
  15  0:56  Hatchery  
  14  1:02  Overlord  
  14  1:08  Extractor  
  14  1:09  Drone  
  15  1:22  Zergling x4  
  17  1:27  Drone  
  17  1:31  Queen  
  20  1:43  Zergling x2  
  20  1:54  Zergling x2  
  22  2:06  Hatchery, Drone  
  22  2:07  Overlord  
  21  2:31  Drone x2  
  21  2:35  Extractor  
  22  2:49  Drone  
  22  2:50  Drone x3  
  26  2:54  Roach Warren  
  25  3:02  Drone  
  26  3:07  Extractor  
  26  3:09  Spine Crawler  
  26  3:10  Drone  
  25  3:18  Drone  
  25  3:19  Queen  
  26  3:21  Overlord  
  28  3:28  Drone x2  
  32  3:34  Roach x2  
  32  3:37  Drone  
  35  3:44  Roach  
  37  3:56  Drone x2  
  37  4:01  Spine Crawler  
  38  4:07  Metabolic Boost  
  38  4:16  Roach x2  
  41  4:26  Roach  
  41  4:29  Overlord x2  
  41  4:30  Overlord  
  43  4:44  Lair  
  43  5:13  Spore Crawler  
  40  5:15  Zergling x2  
  40  5:16  Zergling x12  
  40  5:20  Zergling x2  
  40  5:21  Zergling x10  
  51  5:30  Spore Crawler  
  51  5:33  Zergling x4  
  37  5:45  Zergling x2  
  37  5:46  Zergling x10  
  37  5:47  Hydralisk Den  
  29  6:15  Hydralisk x4  
  36  6:29  Hydralisk  
  36  6:30  Hydralisk x2  
  41  6:50  Zergling x8  
  41  6:51  Zergling x4  
  36  7:12  Hydralisk x3  
  37  7:16  Drone  
  37  7:17  Drone  
  39  7:27  Hydralisk  
  41  7:31  Drone  
  42  7:40  Drone  
  43  7:55  Hydralisk  
Show
View Real Time Build Order
Export as new Build Order

HoldTheDoor Protoss - Winner!

Build Orders:  

Get SALT Encoding   

  12  0:00  Probe  
  13  0:12  Probe  
  14  0:17  Pylon  
  14  0:24  Probe  
  15  0:36  Probe  
  15  0:40  Forge  
  16  0:48  Probe  
  17  0:52  Pylon  
  17  1:00  Probe  
  18  1:16  Photon Cannon  
  18  1:19  Gateway  
  18  1:33  Pylon  
  18  1:35  Probe  
  19  1:49  Photon Cannon  
  19  1:55  Pylon  
  19  2:06  Probe  
  20  2:08  Assimilator  
  20  2:10  Assimilator  
  20  2:15  Photon Cannon, Pylon  
  20  2:25  Probe  
  20  2:27  Photon Cannon  
  21  2:31  Zealot  
  23  2:37  Probe  
  24  2:49  Probe  
  25  2:52  Photon Cannon  
  25  3:01  Probe  
  25  3:05  Cybernetics Core  
  28  3:24  Photon Cannon  
  28  3:29  Pylon  
  28  3:31  Probe  
  28  3:32  Stalker  
  27  3:42  Stargate  
  29  3:50  Shield Battery  
  29  3:57  Pylon  
  29  4:19  Void Ray  
  29  4:30  Adept  
  33  4:33  Warp Gate  
  35  4:43  Photon Cannon  
  35  4:45  Photon Cannon  
  35  4:48  Shield Battery  
  35  5:13  Void Ray  
  35  5:15  Probe  
  40  5:31  Shield Battery  
  36  5:49  Adept  
  38  5:56  Void Ray  
  42  6:29  Protoss Air Weapons Level 1  
  42  6:30  Stalker  
  44  6:35  Robotics Facility  
  44  6:38  Gateway  
  44  6:42  Gateway  
  44  6:53  Stalker  
  40  7:10  Void Ray  
  40  7:15  Immortal  
  44  7:18  Photon Cannon  
  44  7:21  Photon Cannon  
  44  7:22  Adept  
  46  7:24  Photon Cannon  
  50  7:35  Adept  
  52  7:38  Adept  
  54  7:45  Probe  
  55  7:53  Zealot  
  55  7:57  Probe  
Tags
 
League
Diamond
Matchup
PvZ
Opening
Pool First
Replay Pack
SC2Mai2026
Spawn Locations
Cross Positions
Add a new tag
Caveats
  • Supply blocks, unpowered buildings, or Contaminate may cause inaccurate times.
  • Supply counts are checked every 10 seconds.